 Dungeon Crawl Stone Soup version 0.29.1-2-gbd0b4ee654 (webtiles) character file.

Game seed: 8093751125995923846

377 funnyparkerb the Ducker (level 6, -2/41 HPs)
             Began as an Octopode Transmuter on Nov 12, 2022.
             Was an Initiate of Gozag.
             Slain by Prince Ribbit (13 damage)
             ... on level 5 of the Dungeon.
             The game lasted 00:04:33 (4412 turns).

funnyparkerb the Ducker (Octopode Transmuter)       Turns: 4412, Time: 00:04:33

Health: -2/41      AC:  2    Str:  9    XL:     6   Next: 73%
Magic:  2/10       EV: 20    Int: 16    God:    Gozag
Gold:   188        SH:  0    Dex: 17    Spells: 1/11 levels left

rFire   + . .      SeeInvis .     - Unarmed
rCold   . . .      Faith    .   (shield currently unavailable)
rNeg    . . .      Spirit   .   (helmet currently unavailable)
rPois   x          Reflect  .   (no amulet)
rElec   .          Harm     .   s - ring of protection from fire
rCorr   .          Rampage  .   (no ring)
Will    .....                   (no ring)
Stlth   ++........              (no ring)
HPRegen 0.13/turn               (no ring)
MPRegen 0.12/turn               (no ring)
                                (no ring)
                                (no ring)

@: brilliant, spider-form
A: venomous fangs, almost no armour, (amphibious), 8 rings, tiny, (camouflage
1), (gelatinous body 1), (nimble swimmer 1), (tentacles), dopey 1, wild magic 1
a: End Transformation, Renounce Religion, Potion Petition, Call Merchant, Bribe
Branch


You were on level 5 of the Dungeon.
You worshipped Gozag.
Gozag was aware of your devotion.
You were a venomous arachnid creature.
You visited 1 branch of the dungeon, and saw 5 of its levels.

You collected 271 gold pieces.
You paid 83 gold pieces to Gozag.

Inventory:

Jewellery
 s - a ring of protection from fire (left front leg)
Wands
 t - a wand of quicksilver (2)
Scrolls
 b - 2 scrolls of amnesia {unknown}
 c - 6 scrolls of identify {unknown}
 e - a scroll of brand weapon {unknown}
 g - a scroll of immolation {unknown}
 k - 2 scrolls of teleportation {unknown}
 l - a scroll of enchant armour {unknown}
 o - a scroll of fear {unknown}
 q - a scroll of noise {unknown}
 r - a scroll of magic mapping {unknown}
Potions
 a - a potion of lignification
 d - a potion of cancellation
 h - a potion of haste {unknown}
 i - a potion of invisibility {unknown}
 j - a potion of might {unknown}
 m - 2 potions of mutation
 n - a potion of berserk rage
 p - 2 potions of curing {unknown}
 u - a potion of attraction {unknown}


   Skills:
 + Level 2.8 Fighting
 + Level 3.3 Dodging
 - Level 3.0 Unarmed Combat
 + Level 3.2 Spellcasting
 + Level 3.3 Transmutations
 * Level 1.8 Ice Magic
 * Level 2.9 Poison Magic


You had one spell level left.
You knew the following spells:

 Your Spells              Type           Power      Damage    Failure   Level
a - Beastly Appendage     Tmut           52%        N/A       21%         1
b - Wereblood             Tmut           26%        N/A       26%         2
c - Spider Form           Tmut/Pois      24%        N/A       43%         3
d - Ice Form              Ice/Tmut       21%        N/A       82%         4

Your spell library contained the following spells:

 Spells                   Type           Power      Damage    Failure   Level
 Sublimation of Blood     Necr           5%         N/A       58%         2
 Summon Hydra             Summ           2%         N/A       100%        7


Dungeon Overview and Level Annotations

Branches:
Dungeon (5/15)
 Temple: D:4-7

Altars:
Dithmenos
Fedhas
Gozag
Qazlal
The Shining One

Shops:
D:4 (   D:5 *

Annotations:
D:5 Prince Ribbit


Innate Abilities, Weirdness & Mutations

You are a venomous arachnid creature.
You have poisonous fangs.
You are tiny and dextrous.
Your spellcasting is less reliable in this form.
Your armour is entirely melded.
You are incapable of wielding weapons or throwing items.
You cannot wear most types of armour.
((You are amphibious.))
You can wear up to eight rings at the same time.
((Your skin changes colour to match your surroundings (Stealth+).))
((Your rubbery body absorbs attacks. (AC +1, EV +1)))
((You are camouflaged when in or above water. (Stealth+)))
((You have tentacles for arms and can constrict up to eight enemies at once.))
You are dopey. (Int -2)
Your spells are a little harder to cast, but a little more powerful.


Message History

You turn into a venomous arachnid creature.
Prince Ribbit croaks.
Things that are here:
5 gold pieces; a +0 club; a +0 scale mail Prince Ribbit is no longer distracted by gold.
Prince Ribbit barely misses you.
Your magical contamination has completely faded away.
You see here an orange potion.
You hit Prince Ribbit.
Prince Ribbit is poisoned.
Prince Ribbit is severely wounded.
Prince Ribbit barely misses you.
You closely miss Prince Ribbit.
Prince Ribbit is severely wounded.
Prince Ribbit is distracted by your dazzling golden aura.
You barely miss Prince Ribbit.
Prince Ribbit is no longer distracted by gold.
Prince Ribbit croaks.
Prince Ribbit is severely wounded.
Prince Ribbit hits you!
* * * LOW HITPOINT WARNING * * *
Prince Ribbit blinks!
It was a potion of mutation.
You feel extremely strange.
You feel stupid.
You feel less in control of your magic.
It was a potion of cancellation.
Your magical effects are unravelling.
You feel magically purged.
Your transformation has ended.
Prince Ribbit closely misses you.
It was a potion of brilliance.
You feel clever all of a sudden.
Prince Ribbit blinks!
Casting: Spider Form (quite dangerous; 22% risk of failure)
Confirm with . or Enter, or press ? or * to list all spells.
You feel a surge of power!
You turn into a venomous arachnid creature.
You completely miss Prince Ribbit.
Prince Ribbit is almost dead.
Prince Ribbit hits you!
You die...
Your body crumbles into a pile of gold.

.... #.....#.. ......
#.....#.. ....... #........
.......##........
#..............
#...:........ #........F.#
#........s.######....
#....>..!............
#....$.....###.......
##..$$$.#####........
####.$............
####!.....≈≈.≈≈.## ..
...........≈...≈..# ...
...........≈._.≈..##......
#......####≈≈...≈≈.........


You could see Prince Ribbit (very poisoned).

Vanquished Creatures
  An ogre (D:5)
  A scorpion (D:5)
  An orc priest (D:4)
  3 orc wizards
  3 adders
  2 worms
  10 orcs
  6 bats
  7 endoplasms
  5 giant cockroaches
  8 goblins
  3 hobgoblins (D:4)
  4 jackals (D:1)
  7 quokkas
  7 ball pythons
  13 kobolds
  A rat (D:3)
82 creatures vanquished.

Notes
Turn   | Place    | Note
-------+----------+-------------------------------------------
     0 | D:1      | funnyparkerb the Octopode Transmuter began the quest for
                  | the Orb.
     0 | D:1      | Reached XP level 1. HP: 13/13 MP: 3/3
   164 | D:1      | Reached XP level 2. HP: 11/18 MP: 3/5
   170 | D:1      | Learned a level 2 spell: Wereblood
   382 | D:1      | Found a faded altar of an unknown god.
  1263 | D:1      | Reached XP level 3. HP: 23/23 MP: 2/6
  2084 | D:2      | Found a glowing golden altar of the Shining One.
  2284 | D:2      | Learned a level 3 spell: Spider Form
  2517 | D:3      | Found a blossoming altar of Fedhas.
  2670 | D:3      | Reached XP level 4. HP: 29/29 MP: 3/7
  3060 | D:3      | Reached skill level 1 in Poison Magic
  3357 | D:4      | Found a shadowy altar of Dithmenos.
  3441 | D:4      | Reached XP level 5. HP: 25/34 MP: 6/9
  3557 | D:4      | Found a stormy altar of Qazlal.
  3792 | D:4      | Found Hiuvvik's Antique Weapon Boutique.
  3880 | D:4      | Learned a level 4 spell: Ice Form
  4230 | D:5      | Entered Level 5 of the Dungeon
  4253 | D:5      | Noticed an ice beast
  4287 | D:5      | Noticed an ogre
  4289 | D:5      | Killed an ogre
  4290 | D:5      | Reached skill level 1 in Ice Magic
  4290 | D:5      | Reached XP level 6. HP: 41/41 MP: 10/10
  4296 | D:5      | Found Gozag's Platinum Reserve.
  4300 | D:5      | Found an opulent altar of Gozag.
  4310 | D:5      | Became a worshipper of Gozag Ym Sagoz the Greedy
  4389 | D:5      | Noticed Prince Ribbit
  4408 | D:5      | Gained mutation: You are dopey. (Int -2) [potion of
                  | mutation]
  4408 | D:5      | Gained mutation: Your spells are a little harder to cast,
                  | but a little more powerful. [potion of mutation]
  4412 | D:5      | Slain by Prince Ribbit

Illustrated notes

Levels and vault maps discovered:
D:1:      saegor_arrival_fortress, layout_basic,
          hellmonk_ecumenical_altar_zigzags, skrybe_limestone_x,
          amethyst_killhole
D:2:      layout_loops_cross, basic_altar
D:3:      layout_basic, fedhas_altar_3, grunt_ministairs_10
D:4:      layout_basic, lemuel_crystal_altar, mainiacjoe_overflow_paths,
          serial_shops, shop, minmay_statues_item
D:5:      layout_basic, mainiacjoe_overflow_cross_hatched,
          nicolae_gozag_zags_fifth_avenue, uniq_prince_ribbit1, uniq_menkaure

Skill      XL: |  1  2  3  4  5 |
---------------+----------------+-----
Fighting       | 2 |  2.8
Poison Magic   | 1 2 |  2.9
Dodging        | 3 |  3.3
Transmutations | 3 |  3.3
Spellcasting   | 3 |  3.2
Ice Magic      | 1 |  1.8
Unarmed Combat | |  3.0

Action                   |  1- 3 |  4- 6 || total
-------------------------+-------+-------++-------
Melee: Unarmed           |    78 |    92 ||   170
       Kick              |    19 |    27 ||    46
       Constrict         |    18 |    23 ||    41
       Tentacles         |    14 |    16 ||    30
       Punch             |     3 |       ||     3
 Cast: Beastly Appendage |    28 |    19 ||    47
       Wereblood         |    21 |    18 ||    39
       Spider Form       |       |     4 ||     4
Evoke: Wand              |       |     2 ||     2
  Use: Potion            |       |     3 ||     3
 Stab: Sleeping          |     3 |     1 ||     4
Armor: Skin              |     6 |     6 ||    12
Dodge: Dodged            |    54 |    69 ||   123
